 Dungeon Crawl Stone Soup version 0.20.0-15-g7f486f2 (webtiles) character file.

737 CalmDownMonkey the Ruffian (level 7, -22/66 HPs)
             Began as a Troll Monk on June 14, 2017.
             Was a Believer of Makhleb.
             Annihilated by an orc warrior
             ... wielding a +7 trident
              (25 damage)
             ... on level 6 of the Dungeon.
             The game lasted 00:14:31 (4045 turns).

CalmDownMonkey the Ruffian (Troll Monk)             Turns: 4045, Time: 00:14:32

Health: -22/66     AC:  5    Str: 22    XL:     7   Next: 46%
Magic:  8/8        EV: 10    Int:  6    God:    Makhleb [**....]
Gold:   232        SH:  0    Dex: 15    Spells: 5/6 levels left

rFire    . . .     SeeInvis +     - Unarmed
rCold    . . .     Gourm    +   (no shield)
rNeg     . . .     Faith    .   a - +0 robe
rPois    .         Spirit   .   (helmet restricted)
rElec    .         Reflect  .   (no cloak)
rCorr    .         Harm     .   (gloves unavailable)
MR       .....                  (boots unavailable)
Stlth    ++........             (no amulet)
Regen    0.7/turn               o - +3 ring of dexterity
MPRegen  0.2/turn               d - ring of see invisible {sInv, !d}

@: drained
A: unfitting armour, claws 3, fast metabolism 3, gourmand, regeneration 1,
shaggy fur 1, tough skin 2
a: Minor Destruction, Renounce Religion


You were on level 6 of the Dungeon.
You worshipped Makhleb.
Makhleb was pleased with you.
You were not hungry.

You visited 1 branch of the dungeon, and saw 6 of its levels.

You collected 232 gold pieces.

Inventory:

Missiles
 e - 160 stones (quivered)
 g - a throwing net {=f, !d}
 x - 13 sling bullets
Armour
 a - a +0 robe (worn)
Jewellery
 d - a ring of see invisible (right claw) {sInv, !d}
   (You found it on level 1 of the Dungeon)
 o - a +3 ring of dexterity (left claw)
   (You found it on level 2 of the Dungeon)
Wands
 v - a wand of acid (10/15)
   (You found it on level 3 of the Dungeon)
 z - a wand of iceblast (7/15)
   (You found it on level 5 of the Dungeon)
Scrolls
 h - 2 scrolls of teleportation
 i - 2 scrolls of remove curse
 k - a scroll of recharging
 u - a scroll of fog {unknown}
 y - a scroll of enchant armour {unknown}
Potions
 c - a potion of mutation {unknown}
 f - 2 potions of flight {unknown}
 m - a potion of brilliance
 n - 2 potions of haste {unknown}
 s - 3 potions of curing {unknown}
 w - a potion of cancellation
Books
 t - a book of Misfortune
   (You found it on level 2 of the Dungeon)
Comestibles
 b - 4 bread rations
 l - 4 meat rations
 p - 2 fruits
 r - 3 royal jellies


   Skills:
 - Level 2.7(2.2) Fighting
 - Level 2.7(2.2) Dodging
 - Level 1.3(0.8) Stealth
 + Level 7.4(6.8) Unarmed Combat
 + Level 3.3(2.7) Invocations


You had 5 spell levels left.
You knew the following spells:

 Your Spells              Type           Power        Failure   Level  Hunger
a - Confusing Touch       Hex            #.....       45%         1    ##.....


Dungeon Overview and Level Annotations

Branches:
Dungeon (6/15)             Temple (0/1) D:6

Altars:
Fedhas
Makhleb
Xom

Annotations:
D:4 Hordes of shit!, Blork the orc, Menkaure
D:5 Ice beast!


Innate Abilities, Weirdness & Mutations

You are too large for most types of armour.
You have claws for hands.
Your metabolism is lightning-fast.
You like to eat raw meat.
Your natural rate of healing is unusually fast.
You are covered in fur. (AC +1)
You have very tough skin. (AC +2)


Message History

The scorpion is heavily wounded.
The scorpion stings you.
You claw the scorpion!
You kill the scorpion!
Makhleb accepts your kill.
No target in view!
You start resting.
HP restored.
Magic restored.
A hound and an ogre come into view.
You see here a scorpion corpse.
Okay, then.
Throwing (i - inventory):
e - 160 stones (quivered)
Press: ? - help, Shift-Dir - straight line, f - ogre
Aim: an ogre, wielding a giant club (resting)
You throw a stone.
The stone hits the ogre but does no damage.
You are already empty-clawed.
Throwing (i - inventory):
e - 159 stones (quivered)
Press: ? - help, Shift-Dir - straight line, f/p - ogre
Aim: an ogre, wielding a giant club You throw a stone.
The stone hits the ogre.
The ogre is lightly wounded.
Throwing (i - inventory):
e - 158 stones (quivered)
Press: ? - help, Shift-Dir - straight line, f/p - ogre
Aim: an ogre, wielding a giant club (lightly wounded)
You throw a stone. The stone barely misses the ogre.
Throwing (i - inventory):
e - 157 stones (quivered)
Press: ? - help, Shift-Dir - straight line, f/p - ogre
Aim: an ogre, wielding a giant club (lightly wounded)
You throw a stone.
The stone hits the ogre but does no damage.
The ogre is lightly wounded.
Throwing (i - inventory):
e - 156 stones (quivered)
Press: ? - help, Shift-Dir - straight line, f/p - ogre
Aim: an ogre, wielding a giant club You throw a stone.
The stone hits the ogre but does no damage.
Press: ? - help, Shift-Dir - straight line, f/p - ogre
Aim: an ogre, wielding a giant club The ogre writhes in agony!
You claw the ogre!
The ogre is heavily wounded.
The ogre hits you with a giant club!
The hound barks!
You scratch the ogre.
The ogre is severely wounded.
The ogre barely misses you.
You barely miss the ogre.
The ogre is severely wounded.
The ogre closely misses you.
You barely miss the ogre.
The ogre is severely wounded.
You scratch the ogre.
The ogre is almost dead.
The ogre barely misses you.
You claw the ogre!
You kill the ogre!
Makhleb accepts your kill.
Your base Invocations skill increases to level 3!
You barely miss the hound. The hound completely misses you.
The hound bites you.
You claw the hound!
The hound is severely wounded.
The hound closely misses you.
You completely miss the hound.
The hound is severely wounded.
The hound barely misses you.
You claw the hound!
You kill the hound!
Makhleb accepts your kill.
You start resting.
HP restored.
Things that are here:
a giant club; a scorpion corpse
e - 156 stones (gained 1)
e - 157 stones (gained 1)
e - 158 stones (gained 1)
e - 159 stones (gained 1)
e - 160 stones (gained 1)
i - 2 scrolls of remove curse (gained 1)
Press: ? - help, Shift-Dir - straight line, f - orc warrior
Aim: an orc warrior, wielding an enchanted trident and wearing a plate armour (hasn't noticed you)
The puff of flame hits the orc warrior.
The orc warrior is lightly wounded.
The orc warrior shouts!
Press: ? - help, Shift-Dir - straight line, f/p - orc warrior
Aim: an orc warrior, wielding an enchanted trident and wearing a plate armour (lightly wounded)
The stone arrow misses the orc warrior.
The orc warrior hits you from afar with an enchanted trident!!
The orc warrior hits you with an enchanted trident.
You scratch the orc warrior but do no damage.
The orc warrior is lightly wounded.
The orc warrior closely misses you.
You scratch the orc warrior but do no damage.
The orc warrior is lightly wounded.
The orc warrior hits you with an enchanted trident!!
* * * LOW HITPOINT WARNING * * *
The orc warrior hits you from afar with an enchanted trident!!
You die...

#..###.#####.##.........#
.......#...#.#####.#.####
..####.....#.##.......#
#.>...#.##.####..# ##
#.....#.##. #..# # .
##....#....#####.####.#
#.# #....# #o..........#
#.#.# #....#
#.####.####.#
..#.###....# #@# #...
#.#.##.....#####.# #####
#.#.##.#...'...[.###
#.#.#..#...####....#
..#.#.##...# #.##.#
......###.## #.##.#
..#.#####.#####.##.#
..)......รท....#.##.####
#.#.......##..........#


You could see an orc warrior.

Vanquished Creatures
  2 ogres
  A scorpion (D:6)
  2 hounds
  An orc priest (D:6)
  5 orc wizards
  A centaur skeleton (D:4)
  An iguana (D:4)
  3 worker ants
  A howler monkey skeleton (D:5)
  6 adders
  An ooze (D:3)
  2 adder skeletons (D:6)
  2 worms
  A dart slug (D:2)
  A leopard gecko (D:5)
  17 orcs
  7 giant cockroaches
  9 goblins
  5 hobgoblins
  4 jackals (D:1)
  4 quokkas
  7 bats
  6 frilled lizards
  10 kobolds
  8 rats
107 creatures vanquished.

Notes
Turn   | Place    | Note
-------+----------+-------------------------------------------
     0 | D:1      | CalmDownMonkey the Troll Monk began the quest for the Orb.
     0 | D:1      | Reached XP level 1. HP: 22/22 MP: 0/0
   357 | D:1      | Reached XP level 2. HP: 29/29 MP: 1/1
   943 | D:2      | Reached XP level 3. HP: 36/36 MP: 2/2
  1082 | D:2      | HP: 4/36 [worm (7)]
  1087 | D:2      | HP: 4/36 [poisoned by an adder]
  1095 | D:2      | HP: 5/36 [poisoned by an adder]
  1103 | D:2      | HP: 7/36 [poisoned by an adder]
  1331 | D:2      | Reached skill level 4 in Unarmed Combat
  1397 | D:2      | Reached XP level 4. HP: 44/44 MP: 3/3
  1810 | D:3      | Learned a level 1 spell: Confusing Touch
  1848 | D:3      | Reached skill level 5 in Unarmed Combat
  1848 | D:3      | Reached XP level 5. HP: 44/50 MP: 4/4
  1981 | D:3      | Found a shimmering altar of Xom.
  2444 | D:4      | Noticed an ogre
  2535 | D:4      | Found a burning altar of Makhleb.
  2546 | D:4      | Became a worshipper of Makhleb the Destroyer
  2546 | D:4      | Reached * piety under Makhleb
  2546 | D:4      | Reached ** piety under Makhleb
  2605 | D:4      | Found a blossoming altar of Fedhas.
  2625 | D:4      | Reached skill level 6 in Unarmed Combat
  2793 | D:4      | Reached XP level 6. HP: 59/59 MP: 5/5
  2879 | D:4      | Noticed Blork the orc
  3044 | D:5      | Entered Level 5 of the Dungeon
  3126 | D:5      | Reached skill level 1 in Invocations
  3243 | D:5      | Noticed an ice beast
  3362 | D:4      | Reached skill level 2 in Invocations
  3395 | D:4      | Noticed Menkaure
  3651 | D:6      | Noticed an orc warrior
  3655 | D:6      | Reached XP level 7. HP: 61/66 MP: 7/7
  3657 | D:6      | HP: 13/66 [orc warrior/enchanted trident (14)]
  3667 | D:6      | HP: 4/66 [orc wizard/magic dart (8)]
  3677 | D:6      | Reached skill level 7 in Unarmed Combat
  3677 | D:6      | HP: 4/66 [orc warrior/enchanted trident (9)]
  3696 | D:6      | Found a staircase to the Ecumenical Temple.
  3949 | D:6      | Reached skill level 3 in Invocations
  4044 | D:6      | HP: 3/66 [orc warrior/enchanted trident (31)]
  4045 | D:6      | Annihilated by an orc warrior

Skill      XL: |  1  2  3  4  5  6  7 |
---------------+----------------------+-----
Unarmed Combat | 4 5 6 7 |  7.4
Invocations    | 2 3 |  3.3
Fighting       | |  2.7
Dodging        | |  2.7
Stealth        | |  1.3

Action                   |  1- 3 |  4- 6 |  7- 9 || total
-------------------------+-------+-------+-------++-------
Melee: Unarmed           |    93 |   130 |    35 ||   258
       Punch             |     2 |     3 |     1 ||     6
Throw: Stone             |       |       |     5 ||     5
Invok: Minor Destruction |       |     2 |     4 ||     6
  Use: Scroll            |       |     7 |     1 ||     8
       Potion            |       |       |     1 ||     1
 Stab: Sleeping          |     2 |     3 |       ||     5
       Distracted        |     1 |       |       ||     1
  Eat: Chunk             |    16 |    20 |     1 ||    37
Armor: Robe              |    19 |    28 |     8 ||    55
Dodge: Dodged            |    36 |    66 |    17 ||   119

Vault maps used:
D:1:      dpeg_arrival_arbitrary_a, minmay_misc_feat_tiny
D:2:      kb_forest_paths
D:3:      tgw_xom
D:4:      lemuel_doored_altar, overflow_temple_1_default, kennysheep_path_1,
          uniq_menkaure, uniq_blork_the_orc
D:5:      first_bread
D:6:      minmay_temple_entry_butterflies, uniq_duvessa, uniq_edmund

Table legend:
 A = Turns spent in this place as a percentage of turns spent in the entire game.
 B = Non-inter-level travel turns spent in this place as a percentage of non-inter-level travel turns spent in the entire game.
 C = Inter-level travel turns spent in this place as a percentage of turns spent in this place.
 D = Turns resting spent in this place as a percentage of non-inter-level travel turns spent in this place.
 E = Turns spent auto-exploring this place as a percentage of non-inter-level travel turns spent in this place.
 F = Non-inter-level travel turns spent in this place divided by the number of levels of this place that you've seen.
                   A       B       C       D       E      F
               +-------+-------+-------+-------+-------+----------------------
         Total | 100.0 | 100.0 |   0.5 |   2.1 |  11.6 | 208.5
       Dungeon | 100.0 | 100.0 |   0.5 |   2.1 |  11.6 | 208.5
               +-------+-------+-------+-------+-------+----------------------

Table legend:
 A = Kills in this place as a percentage of kills in entire the game.
 B = Kills by you in this place as a percentage of kills by you in the entire game.
 C = Kills by friends in this place as a percentage of kills by friends in the entire game.
 D = Other kills in this place as a percentage of other kills in the entire game.
 E = Experience gained in this place as a percentage of experience gained in the entire game.
 F = Experience gained in this place divided by the number of levels of this place that you have seen.
                   A       B       C       D       E      F
               +-------+-------+-------+-------+-------+----------------------
         Total | 100.0 | 100.0 |  -nan |  -nan | 100.0 | 175.7
       Dungeon | 100.0 | 100.0 |  -nan |  -nan | 100.0 | 175.7
               +-------+-------+-------+-------+-------+----------------------
